Workbook

Sheet Export Summary
B3: This document was exported from Numbers. Each table was converted to an Excel worksheet. All other objects on each Numbers sheet were placed on separate worksheets. Please be aware that formula calculations may differ in Excel.
B7: Numbers Sheet Name | C7: Numbers Table Name | D7: Excel Worksheet Name
B9: Financials
C10: Table 1 | D10: Financials
B11: Summary
C12: Table 1 | D12: Summary
B13: Transactions
C14: Table 1 | D14: Transactions
B15: Reconciliation
C16: Table 1 | D16: Reconciliation

Sheet Financials
A3: Sun City Rainbow Club
A4: Financial Report 5/31/25
B6: YTD
A7: Income
A8: Member Dues | B8: 5300
A9: Misc. Income
A10: Donations | B10: 260
A11: Welcome Back Bingo (October) | B11: 70
A12: Friendsgiving (November)
A13: Love Is Love Dinner (February) | B13: 12230.95
A14: March Drag Bingo | B14: 1710
A15: Casino Nights (April) | B15: 3330
A16: End of Season Celebration | B16: 40
A17: Total Income | B17: =SUM(B8:B16) -> 22940.95
A19: Events and Expenses
A20: Administrative Expenses:
A21: Bank/PayPal fees | B21: 162.92
A22: Jotform Subscription | B22: 224.94
A23: Storage Rental Costs | B23: 2518.58
A24: Supplies | B24: 100.6
A25: New Love is Love Banner | B25: 220.07
A26: Printing and Copying | B26: 378.61
A27: Gift Cards
A28: Other
A29: Total Administrative Expenses | B29: =SUM(B21:B28) -> 3605.72
A30: Event Expenses:
A31: Welcome Back (October)
A32: Thanksgiving Potluck (November) | B32: 338.48
A33: Cookie Exchange (December) | B33: 360.33
A34: Bocce w/ chili cookout (January) | B34: 86.12
A35: Love Is Love Dinner (February) | B35: 15311.11
A36: March Drag Bingo | B36: 1269.04
A37: Casino Nights (April) | B37: 2971.4
A38: End of Season Celebration | B38: 600.51
A39: Total Event Expenses | B39: =SUM(B31:B38) -> 20936.99
A41: Donations
A43: Total Events and Expenses | B43: =B41+B39+B29 -> 24542.71
A45: Net Profit/(Loss) | B45: =B17-B43 -> -1601.76
A47: Checking Account Balance 7/1/24 | B47: 4518.74
A48: Current Balance | B48: =B47+B45 -> 2916.98

Sheet Summary
A3: Sun City Rainbow Club | C3: Notes
A5: Starting Balance | B5: ='Financials'!B47 -> 4518.74
A6: Paypal transfer
A7: Donation | B7: ='Financials'!B10 -> 260
A8: Membership Dues | B8: ='Financials'!B8 -> 5300
A9: Administrative Income | B9: =SUM(B5:B8) -> 10078.74
A11: Administrative costs | B11: ='Financials'!B29 -> 3605.72
A13: Net before Events | B13: =B9-B11 -> 6473.02
A15: Events Net Income/(Loss)
A16: Welcome Back (October) | B16: ='Financials'!B11-'Financials'!B31 -> 70
A17: Thanksgiving Potluck (November) | B17: ='Financials'!B12-'Financials'!B32 -> -338.48
A18: Cookie Exchange (December) | B18: =-'Financials'!B33 -> -360.33
A19: Bocce w/ chili cookout (January) | B19: =-'Financials'!B34 -> -86.12
A20: Love Is Love Dinner (February) | B20: ='Financials'!B13-'Financials'!B35 -> -3080.16
A21: March Drag Bingo | B21: ='Financials'!B14-'Financials'!B36 -> 440.96
A22: Casino Night | B22: ='Financials'!B15-'Financials'!B37 -> 358.6
A23: End of Year Celebration | B23: ='Financials'!B16-'Financials'!B38 -> -560.51
A24: Net Income Events | B24: =SUM(B16:B23) -> -3556.04
A26: Total Current Balance | B26: =B13+B24 -> 2916.98

Sheet Transactions
A1: Table 1
A2: Date | B2: Check No. | C2: Name | D2: Description | E2: Deposits | F2: Expenses | G2: Net
A3: Transactions to Date (7/1/24 -5/2/25) | E3: 28752.11 | F3: 29723.44 | G3: -971.33
A5: Current Transactions (5/2/25 - 5/31/25)
A6: 05/09/25 | B6: eft | C6: Sheri Holbrook | D6: printing costs | F6: 59.92
A7: 05/13/25 | B7: eft | C7: Zelle Deposit | D7: W Young guest | E7: 10
A8: 05/19/25 | B8: eft | C8: Zelle Deposit | D8: 2 guests of S Holbrook | E8: 20
A9: 05/30/25 | B9: 1020 | C9: Yolanda Gee | D9: snacks for drag bingo | F9: 41.51
A10: 05/31/25 | B10: eft | C10: Zelle | D10: pizza, salad, serving stuff | F10: 559
D12: Total this period | E12: =SUM(E6:E10) -> 30 | F12: =SUM(F6:F10) -> 660.43
D15: Totals to Date | E15: =E3+E12 -> 28782.11 | F15: =F3+F12 -> 30383.87 | G15: =E15-F15 -> -1601.76

Sheet Reconciliation
A1: Table 1
A2: Reconciliation Detail -5/31/25
E3: Type | F3: Date | G3: Num | H3: Name | I3: Clr | J3: Amount | K3: Balance
A4: Beginning Balance | K4: 4974.09
C5: Cleared Transactions
D6: Checks and Payments - 3 items
E7: Check | F7: 04/28/25 | G7: 1001 | H7: Public Storage | I7: √ | J7: -1222 | K7: -1222
E8: Check | F8: 04/24/25 | G8: 1000 | H8: Yolanda Gee | I8: √ | J8: -274.68 | K8: -1496.68
E9: Check | F9: 05/09/25 | G9: eft | H9: Sheri Holbrook | I9: √ | J9: -59.92 | K9: -1556.6
D10: Total Checks and Payments | J10: -1556.6 | K10: -1556.6
D11: Deposits and Credits - 3 items
E12: Deposit | F12: 05/13/25 | G12: eft | H12: Zelle Deposit | I12: √ | J12: 10 | K12: 10
E13: Deposit | F13: 05/19/25 | G13: eft | H13: Zelle Deposit | I13: √ | J13: 20 | K13: 30
E14: Deposit | F14: 05/02/25 | G14: eft | H14: Zelle Deposit | I14: √ | J14: 70 | K14: 100
D15: Total Deposits and Credits | J15: 100 | K15: 100
C16: Total Cleared Transactions | J16: -1456.6 | K16: -1456.6
A17: Cleared Balance | J17: -1456.6 | K17: 3517.49
C18: Uncleared Transactions
D19: Checks and Payments - 2 items
E20: Check | F20: 05/31/25 | G20: eft | H20: Zelle | J20: -559 | K20: -559
E21: Check | F21: 05/30/25 | G21: 1020 | H21: Yolanda Gee | J21: -41.51 | K21: -600.51
D22: Total Checks and Payments | J22: -600.51 | K22: -600.51
C23: Total Uncleared Transactions | J23: -600.51 | K23: -600.51
A24: Register Balance as of 05/31/25 | J24: -2057.11 | K24: 2916.98
A25: Ending Balance | J25: -2057.11 | K25: 2916.98
